 Dungeon Crawl Stone Soup version 0.29-a0-584-gb10a8bf730 (webtiles) character file.

Game seed: 4331750403603082669

24 Nedwor the Skirmisher (level 3, -5/29 HPs)
             Began as a Merfolk Fighter on June 15, 2022.
             Slain by Terence
             ... wielding a +0 short sword
              (8 damage)
             ... on level 2 of the Dungeon.
             The game lasted 00:01:26 (1486 turns).

Nedwor the Skirmisher (Merfolk Fighter)             Turns: 1486, Time: 00:01:26

Health: -5/29      AC:  9    Str: 16    XL:     3   Next: 2%
Magic:  3/3        EV:  8    Int:  7    God:
Gold:   45         SH:  5    Dex: 15    Spells: 2/2 levels left

rFire   . . .      SeeInvis .   a - +0 long sword
rCold   . . .      Faith    .   c - +0 buckler
rNeg    . . .      Spirit   .   b - +0 scale mail
rPois   .          Reflect  .   k - +2 hat
rElec   .          Harm     .   m - +0 cloak
rCorr   .          Rampage  .   (no gloves)
Will    .....                   (no boots)
Stlth   ..........              (no amulet)
HPRegen 0.09/turn               (no ring)
MPRegen 0.08/turn               (no ring)

@: no status effects
A: (nimble swimmer 2), mertail
a: no special abilities


You were on level 2 of the Dungeon.
You visited 1 branch of the dungeon, and saw 2 of its levels.

You collected 45 gold pieces.

Inventory:

Hand Weapons
 a - a +0 long sword (weapon)
Armour
 b - a +0 scale mail (worn)
 c - a +0 buckler (worn)
 k - a +2 hat (worn)
 m - a +0 cloak (worn)
Scrolls
 g - 2 scrolls of enchant armour {unknown}
 h - a scroll of teleportation {unknown}
 i - a scroll of blinking {unknown}
 j - a scroll of magic mapping {unknown}
 n - a scroll of vulnerability {unknown}
Potions
 d - 2 potions of might
 e - 2 potions of lignification {unknown}
 f - 2 potions of attraction {unknown}
 l - 2 potions of curing {unknown}


   Skills:
 + Level 3.5 Fighting
 * Level 3.2 Long Blades
 + Level 2.3 Armour
 + Level 3.2 Shields


You had 2 spell levels left.
You didn't know any spells.
Your spell library contained the following spells:

 Spells                   Type           Power      Damage    Failure   Level
 Blade Hands              Tmut           0%         N/A       100%        5
 Irradiate                Conj/Tmut      0%         3d13      100%        5
 Dragon Form              Tmut           0%         N/A       100%        7


Dungeon Overview and Level Annotations

Branches:
Dungeon (2/15)

Altars:

Annotations:
D:2 Terence


Innate Abilities, Weirdness & Mutations

((You are very nimble when in or above water. (Stealth+, EV+, Speed+++)))
Your lower body shifts to a powerful aquatic tail in water.


Message History

Found a faded altar of an unknown god.
l - 2 white potions (gained 1)
There is an abandoned shop here.
A kobold comes into view. It is wielding a +0 club.
The kobold shouts!
You hit the kobold.
You kill the kobold!
No target in view!
No target in view!
Things that are here:
a +0 club; 4 stones; a kobold corpse
Found 12 stones.
Found a stone staircase leading up.
There is a stone staircase leading up here.
Terence the Incautious comes into view.
He is wielding a +0 short sword.
Terence shouts!
Terence drinks a potion.
Terence goes berserk!
Terence is nearby!
Terence hits you with a +0 short sword.
You hit Terence.
Terence is lightly wounded.
Terence hits you but does no damage. Terence closely misses you.
You hit Terence.
Terence is moderately wounded.
Terence barely misses you. Terence hits you with a +0 short sword.
You hit Terence.
Terence is heavily wounded.
You block Terence's attack. Terence hits you with a +0 short sword!
You barely miss Terence.
Terence is heavily wounded.
Terence hits you with a +0 short sword!
* * * LOW HITPOINT WARNING * * *
You block Terence's attack.
You barely miss Terence.
Terence is heavily wounded.
Terence completely misses you. Terence hits you with a +0 short sword.
* * * LOW HITPOINT WARNING * * *
You hit Terence.
Terence is severely wounded.
Terence hits you with a +0 short sword!
You die...

## .. ####.#
#.@@.#
#.#### #.#
#.# #.#
##.## .#
#...# ..
###...### .#
#....(..#
##########.#


You could see Terence (berserk).

Vanquished Creatures
  2 ball pythons
  3 bats (D:1)
  4 endoplasms
  2 goblins (D:2)
  2 hobgoblins
  2 quokkas
  A frilled lizard (D:2)
  4 kobolds
  2 rats (D:2)
22 creatures vanquished.

Notes
Turn   | Place    | Note
-------+----------+-------------------------------------------
     0 | D:1      | Nedwor the Merfolk Fighter began the quest for the Orb.
     0 | D:1      | Reached XP level 1. HP: 18/18 MP: 1/1
   490 | D:1      | Reached XP level 2. HP: 22/24 MP: 2/2
  1343 | D:2      | Reached XP level 3. HP: 22/29 MP: 3/3
  1443 | D:2      | Found a faded altar of an unknown god.
  1479 | D:2      | Noticed Terence
  1486 | D:2      | Slain by Terence

Illustrated notes

Levels and vault maps discovered:
D:1:      lightli_arrival_noodles, layout_loops_ring
D:2:      layout_loops_cross, ebering_ecumenical_altar_abandoned, uniq_terence

Skill      XL: |  1  2 |
---------------+-------+-----
Long Blades    | 3 |  3.2
Fighting       | |  3.5
Armour         | |  2.3
Shields        | |  3.2

Action                   || total
-------------------------++-------
Melee: Long sword        ||    73
Armor: Scale mail        ||    40
Dodge: Dodged            ||    44
Block: Buckler           ||    19

Table legend: (Time is in decaauts)
 A = Elapsed time spent in this place.
 B = Non-inter-level travel time spent in this place.
 C = Inter-level travel time spent in this place.
 D = Time resting spent in this place.
 E = Time spent auto-exploring this place.
 F = Levels seen in this place.
 G = Mean time per level.
                   A        B        C        D        E       F      G
               +--------+--------+--------+--------+--------+-----+--------+
         Total |   1508 |   1464 |     44 |      0 |   1237 |   2 |  754.0 |
       Dungeon |   1508 |   1464 |     44 |      0 |   1237 |   2 |  754.0 |
               +--------+--------+--------+--------+--------+-----+--------+

Top non-repeatable levels by time:
     D:1: 1065 daAuts
     D:2: 442 daAuts
